Map: Ley Lines

Players

ManlyManMeat - Winner!

  • Race: Zerg Zerg
  • League: Platinum
  • Spawn Location: 7:00

John

  • Race: Zerg Zerg
  • League: Diamond
  • Spawn Location: 1:00

VOD

Have the link to the VOD?

Description

Time

  • Played on: June 20, 2025, 3:23 p.m.
  • Length: 8:38
Show
View Real Time Build Order
Export as new Build Order

ManlyManMeat Zerg - Winner!

Build Orders: Hatch First, Zergling Baneling 

Get SALT Encoding   

  12  0:00  Drone  
  13  0:08  Drone  
  14  0:16  Drone, Extractor  
  15  0:21  Overlord  
  15  0:40  Drone  
  16  0:45  Hatchery  
  15  0:50  Drone  
  15  0:54  Drone  
  17  1:03  Extractor  
  16  1:09  Spawning Pool  
  15  1:13  Drone  
  15  1:16  Drone  
  18  1:25  Drone  
  18  1:29  Drone  
  19  1:37  Drone  
  20  1:48  Overlord  
  20  1:56  Queen  
  20  1:58  Queen  
  24  2:05  Zergling x4  
  26  2:13  Metabolic Boost  
  26  2:16  Zergling x2  
  26  2:18  Zergling x2  
  28  2:26  Drone x2  
  30  2:41  Baneling Nest  
  30  2:42  Drone x3  
  32  2:48  Drone  
  33  3:02  Hatchery  
  32  3:10  Zergling x6  
  35  3:17  Evolution Chamber  
  35  3:19  Drone  
  36  3:20  Drone  
  36  3:28  Baneling  
  36  3:34  Overlord  
  36  3:35  Overlord  
  36  3:53  Baneling x2  
  35  3:56  Zergling x12  
  35  3:57  Zergling x6  
  44  4:06  Zerg Melee Weapons Level 1  
  42  4:23  Zergling x8  
  45  4:26  Baneling x3  
  45  4:27  Baneling x2  
  41  4:56  Drone x3  
  41  5:01  Zergling x10  
  41  5:02  Queen  
  48  5:13  Zergling x4  
  50  5:20  Zergling x4  
  51  5:33  Zergling x4  
  44  5:48  Baneling  
  44  5:49  Baneling  
  44  5:50  Zergling x12  
  44  5:55  Drone  
  50  6:00  Baneling  
  50  6:01  Baneling x2  
  50  6:02  Baneling  
  50  6:05  Drone  
  51  6:20  Zergling x6  
  54  6:32  Zergling x12  
  57  6:36  Zergling x2  
  57  6:37  Overlord  
  57  6:38  Overlord x3  
  55  6:56  Zergling x14  
  55  6:57  Zergling x8  
  63  7:06  Baneling x2  
  63  7:07  Baneling x6  
  63  7:08  Baneling  
  63  7:17  Zergling x4  
  63  7:18  Zergling x12  
  71  7:23  Drone x4  
  74  7:44  Baneling  
  74  7:49  Zergling x28  
  85  7:57  Baneling  
  85  7:58  Baneling x2  
  85  7:59  Baneling  
  85  8:00  Baneling  
  76  8:16  Zergling x22  
Show
View Real Time Build Order
Export as new Build Order

John Zerg 

Build Orders: Hatch First 

Get SALT Encoding   

  12  0:02  Drone  
  13  0:10  Drone  
  14  0:17  Extractor  
  14  0:18  Overlord  
  13  0:25  Drone  
  15  0:37  Drone  
  16  0:49  Hatchery  
  15  0:52  Drone  
  16  0:58  Extractor  
  16  1:01  Drone  
  16  1:04  Drone  
  17  1:11  Drone  
  18  1:18  Drone  
  18  1:22  Spawning Pool  
  18  1:30  Drone  
  19  1:44  Drone  
  20  1:50  Drone  
  21  2:01  Overlord  
  21  2:13  Queen x2  
  25  2:15  Zergling x2  
  25  2:18  Drone  
  25  2:19  Drone  
  28  2:25  Drone x2  
  28  2:29  Metabolic Boost  
  30  2:34  Overlord  
  30  2:44  Zergling x6  
  30  2:51  Hatchery  
  32  3:01  Queen  
  34  3:09  Drone x4  
  38  3:24  Drone x2  
  40  3:30  Baneling Nest  
  40  3:32  Drone x3  
  42  3:34  Drone  
  42  3:56  Zergling x4  
  42  4:01  Overlord x2  
  44  4:03  Hatchery  
  44  4:08  Extractor  
  40  4:22  Zergling x16  
  47  4:29  Baneling  
  47  4:30  Baneling x2  
  45  4:47  Zergling x16  
  53  4:58  Baneling  
  53  5:07  Extractor  
  53  5:08  Drone x2, Extractor  
  53  5:09  Drone, Overlord x2  
  53  5:10  Overlord  
  54  5:15  Zergling x8  
  54  5:17  Evolution Chamber x2  
  54  5:33  Zergling x2  
  54  5:34  Zergling x10  
  51  5:48  Zergling x8  
  51  5:49  Queen  
  57  5:50  Drone  
  57  5:51  Drone x2  
  57  5:54  Drone  
  57  5:56  Zerg Melee Weapons Level 1  
  57  5:57  Zerg Ground Armor Level 1  
  61  6:05  Lair  
  61  6:07  Drone  
  61  6:08  Drone x3  
  61  6:09  Drone x2  
  66  6:36  Baneling  
  66  6:37  Baneling  
  66  6:39  Drone x3  
  53  6:58  Zergling x4  
  53  6:59  Zergling x18  
  58  7:06  Queen  
  60  7:15  Drone x5  
  65  7:22  Centrifugal Hooks, Baneling  
  65  7:23  Baneling  
  51  7:47  Zergling x24  
  53  7:52  Hatchery  
  52  8:04  Zergling x12  
  56  8:11  Zergling x2  
  31  8:21  Extractor  
Tags
 
Add a new tag
Caveats
  • Supply blocks, unpowered buildings, or Contaminate may cause inaccurate times.
  • Supply counts are checked every 10 seconds.